 Dungeon Crawl Stone Soup version 0.20-a0-1122-gb7cbeb9 (webtiles) character file.

83917 Gorglomux the Impaler (level 15, -11/148 HPs)
             Began as a Naga Gladiator on May 14, 2017.
             Was the Champion of Nemelex Xobeh.
             Mangled by a white ugly thing (30 damage)
             ... on level 14 of the Dungeon.
             The game lasted 01:08:33 (24829 turns).

Gorglomux the Impaler (Naga Gladiator)             Turns: 24829, Time: 01:08:33

Health: -11/148    AC: 32    Str: 16    XL:     15   Next: 78%
Magic:  19/24      EV:  7    Int:  8    God:    Nemelex Xobeh [******]
Gold:   1343       SH:  0    Dex: 20    Spells: 9/26 levels left

rFire    + . .     SeeInvis +   a - +2 halberd (protect)
rCold    . . .     Gourm    .   (shield currently unavailable)
rNeg     . . .     Faith    .   T - +3 scale mail {rPois}
rPois    +         Spirit   .   W - +2 helmet
rElec    .         Reflect  .   (no cloak)
rCorr    .         Harm     .   U - +0 pair of gloves
MR       +....                  E - +3 naga barding
Stlth    ..........             G - amulet of regeneration (curse) {+regen, !d}
Regen    1.8/turn               L - ring of wizardry {Wiz+, !d}
MPRegen  0.2/turn               F - ring of protection from fire {rF+, !d}

@: protection aura, regenerating, very slow
A: see invisible, deformed body, poison resistance, slowness 2, slow metabolism
1, spit poison 1, constrict 1, AC +5
a: Spit Poison, Triple Draw, Deal Four, Stack Five, Renounce Religion


You were on level 14 of the Dungeon.
You worshipped Nemelex Xobeh.
Nemelex Xobeh was exalted by your worship.
You were very hungry.

You visited 2 branches of the dungeon, and saw 21 of its levels.

You collected 1458 gold pieces.
You spent 115 gold pieces at shops.

Inventory:

Hand Weapons
 a - a +2 halberd of protection (weapon)
   (You took it off a skeletal warrior on level 12 of the Dungeon)
 b - a +5 shortbow of flaming
   (You took it off a centaur on level 9 of the Dungeon)
Missiles
 d - 6 throwing nets {=f, !d}
 X - 198 arrows
Armour
 E - a +3 naga barding (worn)
   (You found it on level 2 of the Lair of Beasts)
 T - a +3 scale mail of poison resistance (worn)
   (You found it on level 7 of the Dungeon)
 U - a +0 pair of gloves (worn)
   (You found it on level 8 of the Dungeon)
 W - a +2 helmet (worn)
Jewellery
 e - the ring "Begopuv" {*Corrode rPois rF+++ MP+9 Int-3}
   (You found it on level 3 of the Lair of Beasts)

   [ring of poison resistance]

   It affects your intelligence (-3).
   It renders you almost immune to fire.
   It protects you from poison.
   It affects your magic capacity (+9).
   It may corrode you when you take damage.
 C - a +2 amulet of reflection {unknown}
   (You found it on level 12 of the Dungeon)
 F - a ring of protection from fire (right hand) {rF+, !d}
   (You found it on level 14 of the Dungeon)
 G - a cursed amulet of regeneration (around neck) {+regen, !d}
   (You found it on level 6 of the Dungeon)
 L - a ring of wizardry (left hand) {Wiz+, !d}
   (You found it on level 6 of the Dungeon)
 P - an uncursed ring of flight {+Fly, !d}
   (You found it on level 7 of the Dungeon)
Wands
 R - a wand of digging (9/24)
   (You found it on level 14 of the Dungeon)
 V - a wand of digging (6/24)
   (You found it on level 11 of the Dungeon)
Scrolls
 g - 2 scrolls of immolation {!r}
 h - 3 scrolls of fear
 j - a scroll of summoning
 k - 6 scrolls of teleportation
 u - 2 scrolls of blinking {!r}
 v - 13 scrolls of remove curse
 I - 5 scrolls of magic mapping {!r}
 J - 2 scrolls of fog
 O - 2 scrolls of holy word {!r}
 Y - 3 scrolls of recharging
Potions
 c - 3 potions of flight
 n - 9 potions of heal wounds
 p - 8 potions of curing
 q - 6 potions of mutation {!q}
 w - 3 potions of haste
 z - 2 potions of ambrosia
 B - a potion of resistance
 H - 2 potions of magic
 K - a potion of invisibility
 M - 4 potions of lignification {!q}
 Q - 2 potions of degeneration {unknown}
 S - 2 potions of might
Books
 N - a book of Battle
   (You found it on level 2 of the Lair of Beasts)
Miscellaneous
 l - a plain deck of escape {drawn: 10}
   (Nemelex Xobeh gifted it to you on level 1 of the Lair of Beasts)
 o - an ornate deck of summoning
   (Nemelex Xobeh gifted it to you on level 10 of the Dungeon)
 s - an ornate deck of destruction {drawn: 2}
   (Nemelex Xobeh gifted it to you on level 13 of the Dungeon)
 t - an ornate deck of destruction
   (Nemelex Xobeh gifted it to you on level 14 of the Dungeon)
 x - an ornate deck of summoning
   (Nemelex Xobeh gifted it to you on level 6 of the Lair of Beasts)
 y - a lightning rod (4/4)
   (You found it on level 13 of the Dungeon)
 A - a legendary deck of destruction
   (Nemelex Xobeh gifted it to you on level 6 of the Lair of Beasts)
 D - a legendary deck of escape {drawn: 1}
   (Nemelex Xobeh gifted it to you on level 4 of the Lair of Beasts)
Comestibles
 f - 9 bread rations {@e1@e1}
 i - 15 royal jellies
 r - 11 meat rations {@e2@e2}


   Skills:
 + Level 13.6 Fighting
 - Level 16.0 Polearms
 - Level 1.7 Throwing
 + Level 5.8 Armour
 - Level 2.4 Dodging
 - Level 6.1 Spellcasting
 + Level 7.6 Hexes
 + Level 7.2 Charms
 + Level 7.5 Necromancy
 * Level 8.3 Invocations


You had 9 spell levels left.
You knew the following spells:

 Your Spells              Type           Power        Failure   Level  Hunger
d - Deflect Missiles      Chrm/Air       #.........   100%        6    #######
r - Regeneration          Chrm/Necr      ##........   4%          3    ###....
s - Silence               Hex/Air        #.........   83%         5    ######.
z - Spectral Weapon       Hex/Chrm       ##......     4%          3    ###....


Dungeon Overview and Level Annotations

Branches:
Dungeon (15/15)            Temple (0/1) D:7            Lair (6/6) D:10
 Shoals (0/4) Lair:4       Spider (0/4) Lair:2        Slime (0/5) Lair:6
    Orc (0/2) D:12         Vaults (0/5) D:13
 Depths: D:15

Altars:
Ashenzari
Elyvilon
Fedhas
Hepliaklqana
Nemelex Xobeh
Qazlal
Ru
Sif Muna
Trog
Uskayaw
Vehumet
Wu Jian
Zin
Jiyva

Shops:
D:4 %   D:5 %   D:6 *   D:12 (


Innate Abilities, Weirdness & Mutations

You cannot wear boots.
Your serpentine skin is tough. (AC +5)
You have supernaturally acute eyesight. (SInv)
Armour fits poorly on your strangely shaped body.
Your system is resistant to poisons. (rPois)
You cover ground very slowly.
You have a slow metabolism.
You can spit poison.
You can use your snake-like lower body to constrict enemies.


Message History

You hit the basilisk. You constrict the basilisk.
The red ugly thing engulfs you but does no damage.
The basilisk bites you but does no damage.
You puncture the basilisk!
You kill the basilisk!
The red ugly thing engulfs you!
You are engulfed in flames!
You resist.
You take 16 damage, and have 130/148 hp.
You draw out your weapon's spirit!
The red ugly thing engulfs you but does no damage.
You now have 21/24 mp.
You closely miss the red ugly thing. You grab the red ugly thing.
You constrict the red ugly thing.
Your spectral weapon hits the red ugly thing from afar!
You hit the red ugly thing but do no damage.
You constrict the red ugly thing.
Your spectral weapon hits the red ugly thing from afar.
The red ugly thing barely misses you.
You completely miss the red ugly thing. You constrict the red ugly thing.
Your spectral weapon hits the red ugly thing from afar.
The red ugly thing engulfs you but does no damage.
You hit the red ugly thing. You constrict the red ugly thing.
Your spectral weapon hits the red ugly thing from afar!
The red ugly thing barely misses you.
You slash the red ugly thing!
You kill the red ugly thing!
Things that are here:
a robe; an ugly thing corpse You butcher the ugly thing corpse.
Things that are here:
a robe; 2 mutagenic chunks of flesh {@w0@w0} You swap places.
There is a stone staircase leading down here.
You start resting.
You are feeling very hungry.
You regained 10 hp, and now have 146/148 hp.
MP restored: 24 You start resting.
Your spectral weapon fades away.
Health restored: 148 Unknown command.
You climb downwards.
The red ugly thing barely misses you. The white ugly thing trunk-slaps you.
The white ugly thing freezes you!
The red ugly thing basks in the mutagenic energy from its kin and changes!
There is a stone staircase leading up here.
Things that are here:
a large rock {!d}; a stone; 8 curare-tipped needles You take 16 damage, and have 132/148 hp.
Unknown command.
The white ugly thing trunk-slaps you but does no damage.
You climb upwards.
There is a stone staircase leading down here.
Unknown command.
Unknown command.
Unknown command.
You regained 2 hp, and now have 134/148 hp.
You draw out your weapon's spirit!
The white ugly thing trunk-slaps you! The white ugly thing freezes you!!
The white ugly thing trunk-slaps you but does no damage.
You take 43 damage, and have 91/148 hp.
MASSIVE DAMAGE!!
You now have 21/24 mp.
You closely miss the white ugly thing. You grab the white ugly thing.
You constrict the white ugly thing.
Your spectral weapon hits the white ugly thing.
The white ugly thing closely misses you.
You hit the white ugly thing.
Your weapon exudes an aura of protection.
You constrict the white ugly thing.
Your spectral weapon hits the white ugly thing!!
The white ugly thing trunk-slaps you but does no damage.
The white ugly thing completely misses you.
You puncture the white ugly thing! You constrict the white ugly thing.
Your spectral weapon hits the white ugly thing!
You kill the white ugly thing!
The white ugly thing trunk-slaps you! The white ugly thing freezes you!!
You take 39 damage, and have 53/148 hp.
MASSIVE DAMAGE!!
You swap places.
The white ugly thing trunk-slaps your spectral weapon.
The white ugly thing freezes your spectral weapon!
Your spectral weapon resists.
Your spectral weapon shares its damage with you!
Your spectral weapon fades away.
You take 5 damage, and have 48/148 hp.
Your skin crawls.
You regained 2 hp, and now have 50/148 hp.
You now have 19/24 mp.
Unknown command.
You slice the white ugly thing!! You grab the white ugly thing.
You constrict the white ugly thing. The white ugly thing trunk-slaps you.
The white ugly thing freezes you!!
* * * LOW HITPOINT WARNING * * *
You take 25 damage, and have 25/148 hp.
You slash the white ugly thing!
You constrict the white ugly thing, but do no damage.
The white ugly thing trunk-slaps you!
* * * LOW HITPOINT WARNING * * *
The white ugly thing freezes you!!
You die...
Your body glows with a rainbow of weird colours and disappears.

#
##....###.).###...###...#.#
### ##.#.######### ##.##
#####.# ..#
#.###......######.# #.....#
..#
#..#.####......##.####.)..#.
..# #.#.##
#.######...#........ .##
#.#.# #.######.8.###....#.
.# #.#.# #......#...#
#.#.### .##
#.#.#############.####....##
..####(#......[u@..#
#.......#...
..../..###########:#
##.#......## .)######
#.##########.## ###
#............#
##############


You could see a white ugly thing.

Vanquished Creatures
  2 acid blobs (Lair:6)
  Kirke (D:14)
  Azrael (D:13)
  3 hydras (Lair:6)
  5 vault guards (D:13)
  A centaur warrior (D:13)
  3 catoblepae (Lair:6)
  An ogre mage (D:13)
  10 death yaks
  A death knight (D:14)
  2 two-headed ogres
  5 skeletal warriors (D:12)
  A deep elf mage (D:13)
  3 manticores
  An orc sorcerer (D:13)
  A cyclops (D:11)
  4 ugly things
  An oklob plant (Lair:6)
  7 elephants
  2 black mambas
  3 centaur zombies
  A torpor snail (Lair:5)
  2 gargoyles (D:13)
  9 spiny frogs
  A rime drake (Lair:3)
  4 komodo dragons
  3 merfolk (Lair:4)
  3 polar bears
  4 trolls
  10 hippogriffs
  13 blink frogs
  A slime creature (Lair:6)
  8 dream sheep (Lair:6)
  2 shadows
  7 wyverns
  67 yaks
  2 basilisks
  2 wraiths
  A human (D:13)
  4 hungry ghosts
  3 fire elementals (D:13)
  A steam dragon (Lair:3)
  A warg (D:10)
  2 vampire mosquitoes (D:12)
  A soldier ant (D:13)
  A hell hound (D:13)
  2 acid dragons (D:11)
  6 porcupines
  7 water moccasins
  3 sky beasts
  4 orc warriors
  4 phantoms
  4 black bears
  A necrophage (D:13)
  An eye of draining (D:8)
  6 ogres
  15 wolves
  8 centaurs
  10 crocodiles
  17 bullfrogs
  A big kobold (D:9)
  A gnoll sergeant (D:9)
  A wyvern skeleton (D:8)
  10 scorpions
  13 killer bees
  8 wights
  8 electric eels
  3 howler monkeys
  A bullfrog zombie (D:6)
  11 crimson imps
  11 hounds
  3 bullfrog skeletons
  8 orc priests
  7 jellies
  2 iguanas
  8 orc wizards
  14 worker ants
  A worker ant zombie (D:8)
  3 gnolls (D:9)
  A river rat (D:10)
  12 adders
  2 shadow imps
  7 oozes
  An adder zombie (D:8)
  2 adder skeletons
  3 worms
  6 dart slugs
  5 leopard geckos
  44 orcs
  12 bats
  A giant cockroach (D:1)
  14 goblins
  5 hobgoblins
  5 jackals
  A quokka (D:10)
  3 ball pythons
  5 frilled lizards
  6 kobolds
  A leopard gecko skeleton (D:5)
  A leopard gecko zombie (D:5)
  A quokka skeleton (D:9)
  A quokka zombie (D:5)
  4 rats
  2 fire vortices (D:7)
  2 fungi
  A plant (Lair:6)
  A spectral weapon (Lair:6)
562 creatures vanquished.

Vanquished Creatures (collateral kills)
  An acid blob (Lair:6)
  Erolcha (D:10)
  2 hydras (Lair:4)
  The ghost of anfisbena the Grappler, a novice TrFi of Qazlal (D:10)
  9 death yaks
  2 two-headed ogres
  The ghost of no0bjke the Cleaver, a journeyman VSFi of Okawaru (D:9)
  Sonja (D:10)
  The ghost of oki the Cleaver, a novice FoFi of Okawaru (D:5)
  A cyclops (D:15)
  2 elephants (Lair:6)
  Joseph (D:10)
  A torpor snail (Lair:6)
  A gargoyle (D:11)
  A rime drake (Lair:6)
  3 spiny frogs
  A komodo dragon (Lair:3)
  A kobold demonologist (D:15)
  A merfolk (Lair:4)
  A hornet (D:10)
  The ghost of Mesmaeker13 the Charmwright, an amateur HuSk of Okawaru (D:7)
  2 blink frogs (Lair:6)
  3 hippogriffs
  A slime creature (Lair:6)
  A dream sheep (Lair:6)
  10 yaks
  2 wargs (D:10)
  2 porcupines
  3 water moccasins
  An ice beast (D:5)
  A necrophage (D:10)
  A crocodile (Lair:6)
  A centaur (D:7)
  2 bullfrogs
  A killer bee (D:7)
  4 wights
  A hound (D:9)
  2 orc priests
  7 orc wizards
  2 worker ant zombies
  An adder skeleton (D:6)
  2 orcs
  A fungus (Lair:6)
85 creatures vanquished.

Vanquished Creatures (others)
  An orb spider (shapeshifter) (D:15)
  A kobold demonologist (D:15)
  A komodo dragon (Lair:4)
  5 yaks (Lair:4)
  3 fire elementals (D:13)
  A human (D:14)
  A hell hound (D:13)
  A hornet zombie (D:15)
  2 big kobolds
  Dowan (D:7)
  3 wights (D:15)
  2 orc wizards (D:7)
  An adder (D:12)
  A shadow imp (D:14)
  3 ball lightnings
  3 orcs (D:7)
  10 kobolds
  30 fungi
  11 plants
  21 spectral weapons
102 creatures vanquished.

Grand Total: 749 creatures vanquished

Notes
Turn   | Place    | Note
-------+----------+-------------------------------------------
     0 | D:1      | Gorglomux the Naga Gladiator began the quest for the Orb.
     0 | D:1      | Reached XP level 1. HP: 19/19 MP: 1/1
    72 | D:1      | Reached XP level 2. HP: 11/26 MP: 2/2
   897 | D:1      | Reached XP level 3. HP: 33/33 MP: 3/3
  1430 | D:2      | You fall through a shaft for 2 floors!
  1447 | D:4      | Found a sparkling altar of Nemelex Xobeh.
  1451 | D:4      | Became a worshipper of Nemelex Xobeh the Trickster
  1481 | D:4      | Reached skill level 4 in Polearms
  1481 | D:4      | Reached XP level 4. HP: 32/40 MP: 4/4
  1552 | D:4      | Reached skill level 3 in Fighting
  1949 | D:3      | Received a gift from Nemelex Xobeh
  1987 | D:3      | HP: 10/42 [goblin/dagger (3)]
  2432 | D:2      | Found a sacrificial altar of Ru.
  2503 | D:2      | Reached XP level 5. HP: 41/49 MP: 5/5
  2621 | D:2      | Reached skill level 5 in Polearms
  3332 | D:3      | Found a blossoming altar of Fedhas.
  3336 | D:3      | Found a deep blue altar of Sif Muna.
  3375 | D:3      | Reached * piety under Nemelex Xobeh
  3786 | D:3      | Reached XP level 6. HP: 48/57 MP: 6/6
  3788 | D:3      | Found a shattered altar of Ashenzari.
  3822 | D:3      | Found a deep blue altar of Sif Muna.
  3844 | D:3      | Found a stormy altar of Qazlal.
  4315 | D:4      | Reached skill level 4 in Fighting
  4348 | D:4      | Found a hide-covered altar of Uskayaw.
  4406 | D:4      | Noticed a phantom
  4436 | D:4      | Killed a phantom
  4436 | D:4      | Reached skill level 6 in Polearms
  4516 | D:4      | Received a gift from Nemelex Xobeh
  4612 | D:4      | Reached XP level 7. HP: 63/66 MP: 7/7
  4697 | D:4      | Found Baumeb Cuse's Food Emporium.
  4937 | D:4      | Reached skill level 7 in Polearms
  4958 | D:5      | Entered Level 5 of the Dungeon
  5001 | D:5      | Reached skill level 5 in Fighting
  5021 | D:5      | Received a gift from Nemelex Xobeh
  5337 | D:5      | Reached XP level 8. HP: 61/75 MP: 8/8
  5500 | D:5      | Reached ** piety under Nemelex Xobeh
  5500 | D:5      | Received a gift from Nemelex Xobeh
  5503 | D:5      | Found Kygg's Food Shop.
  5666 | D:5      | Noticed oki's ghost (novice FoFi)
  5671 | D:5      | Killed oki's ghost
  5671 | D:5      | Reached skill level 6 in Fighting
  5671 | D:5      | Reached skill level 8 in Polearms
  5861 | D:6      | Found a sparkling altar of Nemelex Xobeh.
  5917 | D:6      | Reached skill level 9 in Polearms
  5929 | D:6      | Received a gift from Nemelex Xobeh
  6124 | D:6      | Received a gift from Nemelex Xobeh
  6174 | D:6      | Reached *** piety under Nemelex Xobeh
  6218 | D:6      | Found Ykhac's General Store.
  6287 | D:6      | Bought a potion of heal wounds for 50 gold pieces
  6287 | D:6      | Bought a scroll of magic mapping for 35 gold pieces
  6287 | D:6      | Bought a scroll of remove curse for 30 gold pieces
  6315 | D:6      | Reached XP level 9. HP: 73/85 MP: 9/9
  6664 | D:6      | Reached skill level 7 in Fighting
  6708 | D:7      | Noticed Duvessa
  6708 | D:7      | Noticed Dowan
  6709 | D:7      | Reached skill level 10 in Polearms
  6711 | D:7      | Noticed Mesmaeker13's ghost (amateur HuSk)
  6711 | D:7      | Killed Dowan
  6712 | D:7      | Noticed Duvessa
  6712 | D:7      | Duvessa changed into Duvessa the killer bee
  6713 | D:7      | Killed Duvessa the killer bee
  6721 | D:7      | Killed Mesmaeker13's ghost
  6817 | D:7      | Found a staircase to the Ecumenical Temple.
  6888 | D:7      | Found a blossoming altar of Fedhas.
  6931 | D:7      | Received a gift from Nemelex Xobeh
  6950 | D:6      | Found a hazy altar of Hepliaklqana.
  7222 | D:7      | Reached skill level 11 in Polearms
  7582 | D:8      | Reached skill level 8 in Fighting
  7675 | D:8      | Found a radiant altar of Vehumet.
  7687 | D:8      | Reached XP level 10. HP: 34/96 MP: 10/10
  7837 | D:8      | Found an ornate altar of the Wu Jian Council.
  7974 | D:8      | Received a gift from Nemelex Xobeh
  8414 | D:8      | Noticed a two-headed ogre
  8423 | D:8      | HP: 8/98 [ice devil[the player character] (17)]
  8435 | D:8      | Killed a two-headed ogre
  8435 | D:8      | Reached skill level 12 in Polearms
  8943 | D:9      | Noticed a two-headed ogre
  8952 | D:9      | Killed a two-headed ogre
  8968 | D:9      | Reached skill level 9 in Fighting
  9001 | D:9      | Noticed no0bjke's ghost (journeyman VSFi)
  9006 | D:9      | Killed no0bjke's ghost
  9010 | D:9      | Found a glowing silver altar of Zin.
  9259 | D:9      | Reached **** piety under Nemelex Xobeh
  9308 | D:9      | Reached skill level 13 in Polearms
  9428 | D:9      | Gorglomux: @?oof
  9428 | D:9      | beem: unknown monster: "oof"
  9428 | D:9      | Gorglomux: @?orb of fire
  9428 | D:9      | beem: orb of fire (*)
                  | Spd:
    15 | HD: 30   | HP: 120-172
                  | AC/EV: 20/20
                  | non-living, see invisible, fly, unbreathing
                  | Res: magic(immune), fire+++, cold, elec+++, poison+++, rot+++, neg+++, torm, napalm
                  | Vul: silver
                  | XP: 8544
                  | Sp: b.fire (3d40) [!sil], fireball (3d43) [!sil], malmutate [!sil]
                  | Sz: little
                  | Int: human.
  9428 | D:9      | Gorglomux: @?ancient lich
  9428 | D:9      | beem: ancient lich (L)
                  | Spd:
    10 | HD: 27   | HP: 87-125
                  | AC/EV: 20/10
                  | Dam: 20(drain)
                  | undead, doors, evil, spellcaster, see invisible, unbreathing
                  | Res: magic(immune), fire, cold++, elec, poison+++, drown, rot+++, neg+++, torm
                  | Vul: holy
                  | XP: 8208
                  | Sp: b.cold (3d37), force lance (3d27), sum.greater demon, slow, invisibility / b.corrosive (3d28), crystal spear
  9428 | D:9      | beem: (3d48), petrify, haste / b.draining (3d33), poison arrow (3d34), haunt, banishment, haste / b.fire (3d37), iron shot (3d44), sum.greater demon, confuse, invisibility / b.lightning (3d29), o.destruction (9d20), paralyse, haste
                  | Sz: Medium
                  | Int: human.
  9428 | D:9      | Gorglomux: ??bone dragon
  9428 | D:9      | beem: bone dragon[1/1]: Undead dragon with no breath weapon but good AC, resists, and melee damage. One of the two best (and capped) gifts Yred can grant.
  9428 | D:9      | Gorglomux: @?bone dragon
  9428 | D:9      | beem: bone dragon (D)
                  | Spd:
    10 | HD: 20   | HP: 146-208
                  | AC/EV: 20/4
                  | Dam: 30, 20(claw), 20(trample)
                  | undead, evil, see invisible, fly, unbreathing
                  | Res: magic(100), fire, cold, elec, poison+++, drown, rot+++, neg+++, torm
                  | Vul: holy
                  | XP:
  3688 | Sz: Giant | Int: animal.
  9428 | D:9      | Gorglomux: @?pan lord
  9428 | D:9      | beem: unknown monster: "pan lord"
  9428 | D:9      | Gorglomux: @?cerebov
  9428 | D:9      | beem: Cerebov (&)
                  | Spd:
    10 | HD: 21   | HP: 551-769
                  | AC/EV: 30/8
                  | Dam: 60
                  | demonic, weapons, items, doors, fighter, evil, see invisible
                  | Res: magic(immune), fire+++, damnation, poison, drown, rot, neg+++, torm
                  | Vul: holy
                  | XP: 22581
                  | Sp: iron shot (3d36) [!sil], fire storm (8d16 / 8d17) [!sil], sum.greater demon [!sil], haste [!sil]
                  | Sz: Giant |
  9428 | D:9      | beem: Int: human.
  9428 | D:9      | Gorglomux: @?lom lobon
  9428 | D:9      | beem: Lom Lobon (&)
                  | Spd:
    10 | HD: 19   | HP: 296-463
                  | AC/EV: 10/20
                  | Dam: 40(antimagic)
                  | demonic, doors, fighter, evil, see invisible, fly
                  | Res: magic(immune), fire, cold+++, elec+++, poison, rot, neg+++, torm
                  | Vul: holy
                  | XP: 11004
                  | Sp: conjure ball lightning [!sil], glaciate (10-132) [!sil], tornado [!sil], major healing (50-240) [!sil], blink
  9428 | D:9      | beem: range [!sil]
                  | Sz: Large
                  | Int: human.
  9428 | D:9      | Gorglomux: @?dispater
  9428 | D:9      | beem: Dispater (&)
                  | Spd:
    10 | HD: 16   | HP: 341-532
                  | AC/EV: 40/3
                  | Dam: 50
                  | demonic, weapons, items, doors, fighter, evil, see invisible
                  | Res: magic(immune), fire+++, damnation, cold, elec+++, poison, rot, neg+++, torm
                  | Vul: holy
                  | XP: 9392
                  | Sp: iron shot (3d29) [!sil], crystal spear (3d35) [!sil], hurl damnation (3d20) [!sil], sum.greater demon
  9428 | D:9      | beem: [!sil]
                  | Sz: Large
                  | Int: human.
  9640 | D:9      | Reached XP level 11. HP: 102/108 MP: 11/11
  9839 | D:9      | Reached skill level 10 in Fighting
 10275 | D:9      | Found a bloodstained altar of Trog.
 10341 | D:10     | Entered Level 10 of the Dungeon
 10356 | D:10     | Noticed Erolcha
 10366 | D:10     | Killed Erolcha
 10452 | D:10     | Noticed Sonja
 10460 | D:10     | Killed Sonja
 10460 | D:10     | Reached skill level 14 in Polearms
 10474 | D:10     | Noticed anfisbena's ghost (novice TrFi)
 10491 | D:10     | Killed anfisbena's ghost
 10544 | D:10     | Noticed Joseph
 10561 | D:10     | Killed Joseph
 10585 | D:10     | Received a gift from Nemelex Xobeh
 10705 | D:10     | Found a staircase to the Lair.
 10879 | D:10     | Gorglomux: don't come
 10879 | D:10     | Gorglomux: youll see me die again
 10918 | D:10     | PeterMcNeter: i don't mind :p
 11094 | D:10     | HP: 24/110 [yak (13)]
 11546 | D:11     | Noticed a cyclops
 11556 | D:11     | Killed a cyclops
 11705 | D:11     | Reached skill level 11 in Fighting
 11811 | D:11     | Received a gift from Nemelex Xobeh
 11897 | D:11     | Noticed a red ugly thing
 11914 | D:11     | Killed a red ugly thing
 11959 | D:11     | Reached XP level 12. HP: 60/120 MP: 12/12
 12076 | D:11     | Reached skill level 15 in Polearms
 12829 | D:11     | PeterMcNeter: why don't you get the enchanted trident?
 12898 | D:11     | Gorglomux: because i didnt see it
 12918 | D:11     | PeterMcNeter: oh
 12936 | D:11     | Gorglomux: welp
 12983 | Lair:1   | Entered Level 1 of the Lair of Beasts
 12983 | Lair:1   | Reached ***** piety under Nemelex Xobeh
 12996 | Lair:1   | Received a gift from Nemelex Xobeh
 13497 | Lair:1   | Gorglomux: !apt naga
 13497 | Lair:1   | beem: Na: Fighting: 0, Short: 0, Long: 0, Axes: 0, Maces: 0, Polearms: 0, Staves: 0, Slings: -1, Bows: -1, Xbows: -1, Throw: -1, Armour: -2, Dodge: -2, Stealth: 5!, Shields: -2, UC: 0, Splcast: -1, Conj: 0, Hexes: 0, Charms: 0, Summ: 0, Nec: 0, Tloc: 0, Tmut: 0, Fire: 0, Ice: 0, Air: 0, Earth: 0, Poison: 3!, Inv: 1, Evo: 0, Exp: 0, HP: 2, MP: 0
 13497 | Lair:1   | Gorglomux: 20%hp? wow
 14223 | Lair:1   | PeterMcNeter: naga mutations can be really good, especially poison cloud breath
 14287 | Lair:1   | Gorglomux: good luck getting this
 14287 | Lair:1   | Gorglomux: what are the odds though
 14287 | Lair:1   | PeterMcNeter: i've had my luck with enough mut potions and sky beast corpses :D
 14487 | Lair:2   | Gorglomux: fuck luck, in this world there is only skills
 14487 | Lair:2   | Gorglomux: and death
 14493 | Lair:2   | Received a gift from Nemelex Xobeh
 14625 | Lair:2   | Reached skill level 16 in Polearms
 14665 | Lair:2   | PeterMcNeter: is that why you chose the god of casinos? :p
 14674 | Lair:2   | Gorglomux: nah he is not random at all
 14917 | Lair:2   | Received a gift from Nemelex Xobeh
 14918 | Lair:2   | Gorglomux: it begins
 14918 | Lair:2   | Gorglomux: the inventory managment hell
 14923 | Lair:2   | PeterMcNeter: still the best kind of hell
 14937 | Lair:2   | Learned a level 3 spell: Regeneration
 14941 | Lair:2   | Learned a level 3 spell: Spectral Weapon
 15123 | Lair:2   | Reached skill level 1 in Hexes
 15123 | Lair:2   | Reached skill level 1 in Charms
 15139 | Lair:2   | Found a hole to the Spider Nest.
 15244 | Lair:3   | Reached skill level 1 in Spellcasting
 15309 | Lair:3   | Reached skill level 1 in Necromancy
 15329 | Lair:3   | Reached skill level 12 in Fighting
 15467 | Lair:3   | Reached skill level 1 in Armour
 15548 | Lair:3   | Received a gift from Nemelex Xobeh
 15652 | Lair:3   | Got a clouded marble ring
 15654 | Lair:3   | Identified the ring "Begopuv" {*Corrode rPois rF+++ MP+9 Int-3} (You found it on level 3 of the Lair of Beasts)
 15655 | Lair:3   | Gorglomux: :o
 15655 | Lair:3   | PeterMcNeter: ohh nice
 15655 | Lair:3   | Gorglomux: not yet though
 15728 | Lair:3   | HP: 25/122 [komodo dragon (15)]
 15731 | Lair:3   | HP: 10/122 [komodo dragon (16)]
 15737 | Lair:3   | Reached skill level 2 in Spellcasting
 15919 | Lair:3   | Received a gift from Nemelex Xobeh
 15933 | Lair:3   | Reached skill level 2 in Hexes
 15933 | Lair:3   | Reached skill level 2 in Charms
 16208 | Lair:3   | Gained mutation: You can use your snake-like lower body to constrict enemies. [Naga growth]
 16208 | Lair:3   | Reached XP level 13. HP: 122/129 MP: 16/16
 16596 | Lair:4   | Gorglomux: right, im doign a little break, gotta eat etc
 16596 | Lair:4   | PeterMcNeter: kk
 16599 | Lair:4   | Reached skill level 2 in Necromancy
 16603 | Lair:4   | HP: 20/129 [merfolk/trident (13)]
 16759 | Lair:4   | Found a staircase to the Shoals.
 16877 | Lair:4   | Reached skill level 2 in Armour
 16877 | Lair:4   | Reached skill level 3 in Hexes
 16877 | Lair:4   | Reached skill level 3 in Charms
 16878 | Lair:4   | Reached skill level 3 in Spellcasting
 17000 | Lair:4   | Reached skill level 3 in Necromancy
 17356 | Lair:4   | Reached skill level 4 in Hexes
 17484 | Lair:4   | Reached ****** piety under Nemelex Xobeh
 17556 | Lair:4   | Received a gift from Nemelex Xobeh
 17955 | Lair:5   | Reached skill level 3 in Armour
 17955 | Lair:5   | Reached skill level 4 in Necromancy
 17958 | Lair:5   | Reached skill level 4 in Spellcasting
 18010 | Lair:5   | Reached skill level 4 in Charms
 18319 | Lair:5   | Received a gift from Nemelex Xobeh
 18495 | Lair:5   | Got a polished leather armour
 18586 | Lair:5   | Received a gift from Nemelex Xobeh
 18922 | Lair:5   | Identified the +3 leather armour "Negino" {Str+8} (You found it on level 5 of the Lair of Beasts)
 18987 | Lair:6   | Entered Level 6 of the Lair of Beasts
 19004 | Lair:6   | Reached skill level 5 in Hexes
 19125 | Lair:6   | Reached XP level 14. HP: 118/139 MP: 16/20
 19192 | Lair:6   | Reached skill level 4 in Armour
 19192 | Lair:6   | Reached skill level 5 in Charms
 19200 | Lair:6   | Reached skill level 1 in Invocations
 19202 | Lair:6   | Reached skill level 5 in Necromancy
 19208 | Lair:6   | Reached skill level 2 in Invocations
 19541 | Lair:6   | Received a gift from Nemelex Xobeh
 19596 | Lair:6   | Found a runed door.
 19596 | Lair:6   | Found a viscous altar of Jiyva.
 19609 | Lair:6   | Noticed an acid blob
 19610 | Lair:6   | Found a staircase to the Slime Pits.
 19610 | Lair:6   | Noticed an acid blob
 19610 | Lair:6   | Noticed an acid blob
 19621 | Lair:6   | Killed an acid blob
 19621 | Lair:6   | Reached skill level 3 in Invocations
 19631 | Lair:6   | Killed an acid blob
 19631 | Lair:6   | Reached skill level 5 in Spellcasting
 19633 | Lair:6   | Killed an acid blob
 19687 | Lair:6   | HP: 13/139 [death yak (22)]
 19784 | Lair:6   | Reached skill level 4 in Invocations
 19837 | Lair:6   | Reached skill level 6 in Hexes
 19955 | Lair:6   | Received a gift from Nemelex Xobeh
 20218 | Lair:6   | Reached skill level 6 in Necromancy
 20233 | Lair:6   | Reached skill level 5 in Invocations
 20463 | Lair:6   | Reached skill level 13 in Fighting
 20473 | Lair:6   | Reached skill level 5 in Armour
 20481 | Lair:6   | Reached skill level 6 in Charms
 20641 | Lair:6   | Received a gift from Nemelex Xobeh
 21061 | Lair:6   | Reached skill level 6 in Invocations
 21065 | Lair:6   | Reached XP level 15. HP: 129/147 MP: 21/23
 21559 | D:12     | Found Mesahyop's Weapon Shop.
 21560 | D:12     | Found a staircase to the Orcish Mines.
 21606 | D:12     | Received a gift from Nemelex Xobeh
 21849 | D:12     | Reached skill level 6 in Spellcasting
 22548 | D:13     | Received a gift from Nemelex Xobeh
 22622 | D:13     | Noticed Azrael
 22631 | D:13     | Killed Azrael
 22763 | D:13     | Reached skill level 7 in Invocations
 22765 | D:13     | Reached skill level 7 in Hexes
 22972 | D:13     | Received a gift from Nemelex Xobeh
 22984 | D:13     | Learned a level 6 spell: Deflect Missiles
 22990 | D:13     | Learned a level 5 spell: Silence
 23269 | D:13     | Reached skill level 7 in Necromancy
 23507 | D:13     | Found a gate to the Vaults.
 23517 | D:13     | Reached skill level 7 in Charms
 23910 | D:14     | Noticed Kirke
 23918 | D:14     | Killed Kirke
 23970 | D:14     | Found a white marble altar of Elyvilon.
 24176 | D:14     | Reached skill level 8 in Invocations
 24293 | D:14     | Received a gift from Nemelex Xobeh
 24750 | D:15     | Entered Level 15 of the Dungeon
 24828 | D:14     | HP: 25/148 [white ugly thing (25)]
 24829 | D:14     | Mangled by a white ugly thing

Vault maps used:
D:1:      shiori_angband_town, fountainhead, minmay_hedge_maze
D:2:      nicolae_ru_sacrificial_ziggurat, minmay_divided_ellipse
D:3:      grunt_temple_overflow_cloverleaf, first_bread, lemuel_blue_sif_altar
D:4:      eat_drink_and_be_merry_uskayaw, serial_shops, shop,
          hangedman_abyss_or_decor_stabs, nemelex_dance_club_becter
D:5:      serial_shops, shop
D:6:      wad_pebble_path, nicolae_overflow_hidden_temple, serial_shops,
          kennysheep_mini
D:7:      minmay_temple_entry_crystal_x, basic_altar, uniq_duvessa
D:8:      lemuel_doored_altar, lemuel_round_altar
D:9:      zin_academy, lemuel_coloured_pillars_altar,
          hangedman_little_slice_of_home
D:10:     erik_lair_orcish_takeover, roderic_curled_sauvastika, pond,
          uniq_joseph, uniq_erolcha, uniq_sonja
D:12:     old_forge, orc_david_3
D:13:     grunt_vaults_entry_fortified, uniq_azrael
D:14:     elyvilon_altar_1, serial_glass, glass_columns_b, glass_columns_a,
          glass_columns_b, glass_columns_a, glass_columns_c, uniq_kirke
D:15:     grunt_enter_depths_hoard, minmay_misc_feat_room
Lair:1:   serial_bayou_lake_a, infiniplex_staircase_pool
Lair:2:   spider_nest_entry_web_field, serial_bayou_shore_b
Lair:4:   elwin_shoals_entry_stream
Lair:5:   lemuel_old_faithful, wad_woods_river_01
Lair:6:   evilmike_catoblepas_cave, slime_altar_2, minmay_stone_trees_small,
          grunt_forest_small_clearings

Skill      XL: |  1  2  3  4  5  6  7  8  9 10 11 12 13 14 15 |
---------------+----------------------------------------------+-----
Polearms       | 4 5 6 7 9 11 13 14 16 | 16.0
Fighting       | 3 4 5 6 8 9 11 12 13 | 13.6
Hexes          | 2 5 6 7 |  7.6
Charms         | 2 4 6 7 |  7.2
Spellcasting   | 2 4 5 6 |  6.1
Necromancy     | 1 4 6 7 |  7.5
Armour         | 1 3 5 |  5.8
Invocations    | 6 8 |  8.3
Throwing       | |  1.7
Dodging        | |  2.4

Action                   |  1- 3 |  4- 6 |  7- 9 | 10-12 | 13-15 || total
-------------------------+-------+-------+-------+-------+-------++-------
Melee: Trident           |    75 |   181 |   279 |   545 |   818 ||  1898
       Spear             |       |       |       |   771 |       ||   771
       Constrict         |       |       |       |       |   168 ||   168
       Halberd           |       |       |       |       |   233 ||   233
       Double sword      |       |       |       |       |    35 ||    35
 Fire: Shortbow          |       |       |       |    55 |    86 ||   141
       Blowgun           |       |       |       |     3 |       ||     3
 Cast: Spectral Weapon   |       |       |       |       |    74 ||    74
       Regeneration      |       |       |       |       |    41 ||    41
Invok: Deal Four         |       |       |       |       |     1 ||     1
 Abil: Spit Poison       |     5 |    23 |    11 |    25 |     2 ||    66
Evoke: Deck              |       |     3 |    19 |    35 |    43 ||   100
       Wand              |       |       |       |       |     1 ||     1
  Use: Scroll            |       |       |     1 |    28 |     6 ||    35
       Potion            |       |       |       |     1 |       ||     1
 Stab: Sleeping          |       |     1 |       |       |       ||     1
       Distracted        |       |       |       |     1 |    17 ||    18
       Confused          |       |       |       |       |     2 ||     2
       Petrified         |       |       |       |       |     2 ||     2
  Eat: Chunk             |     1 |    10 |     9 |    27 |    37 ||    84
       Royal jelly       |       |       |       |     2 |     3 ||     5
Armor: Leather armour    |    26 |    51 |    30 |       |       ||   107
       Ring mail         |       |       |    14 |       |       ||    14
       Scale mail        |       |       |     7 |   374 |   558 ||   939
Dodge: Dodged            |    45 |    83 |   110 |   310 |   203 ||   751
       Rpst.: Double sword |       |       |       |       |     3 ||     3

Vault maps used:
D:1:      shiori_angband_town, fountainhead, minmay_hedge_maze
D:2:      nicolae_ru_sacrificial_ziggurat, minmay_divided_ellipse
D:3:      grunt_temple_overflow_cloverleaf, first_bread, lemuel_blue_sif_altar
D:4:      eat_drink_and_be_merry_uskayaw, serial_shops, shop,
          hangedman_abyss_or_decor_stabs, nemelex_dance_club_becter
D:5:      serial_shops, shop
D:6:      wad_pebble_path, nicolae_overflow_hidden_temple, serial_shops,
          kennysheep_mini
D:7:      minmay_temple_entry_crystal_x, basic_altar, uniq_duvessa
D:8:      lemuel_doored_altar, lemuel_round_altar
D:9:      zin_academy, lemuel_coloured_pillars_altar,
          hangedman_little_slice_of_home
D:10:     erik_lair_orcish_takeover, roderic_curled_sauvastika, pond,
          uniq_joseph, uniq_erolcha, uniq_sonja
D:12:     old_forge, orc_david_3
D:13:     grunt_vaults_entry_fortified, uniq_azrael
D:14:     elyvilon_altar_1, serial_glass, glass_columns_b, glass_columns_a,
          glass_columns_b, glass_columns_a, glass_columns_c, uniq_kirke
D:15:     grunt_enter_depths_hoard, minmay_misc_feat_room
Lair:1:   serial_bayou_lake_a, infiniplex_staircase_pool
Lair:2:   spider_nest_entry_web_field, serial_bayou_shore_b
Lair:4:   elwin_shoals_entry_stream
Lair:5:   lemuel_old_faithful, wad_woods_river_01
Lair:6:   evilmike_catoblepas_cave, slime_altar_2, minmay_stone_trees_small,
          grunt_forest_small_clearings

Table legend:
 A = Turns spent in this place as a percentage of turns spent in the entire game.
 B = Non-inter-level travel turns spent in this place as a percentage of non-inter-level travel turns spent in the entire game.
 C = Inter-level travel turns spent in this place as a percentage of turns spent in this place.
 D = Turns resting spent in this place as a percentage of non-inter-level travel turns spent in this place.
 E = Turns spent auto-exploring this place as a percentage of non-inter-level travel turns spent in this place.
 F = Non-inter-level travel turns spent in this place divided by the number of levels of this place that you've seen.
                   A       B       C       D       E      F
               +-------+-------+-------+-------+-------+----------------------
         Total | 100.0 | 100.0 |   0.5 |   2.9 |   7.5 | 394.5
       Dungeon |  65.9 |  65.9 |   0.5 |   2.8 |   8.2 | 364.1
          Lair |  34.1 |  34.1 |   0.4 |   2.9 |   6.1 | 470.5
               +-------+-------+-------+-------+-------+----------------------

Table legend:
 A = Kills in this place as a percentage of kills in entire the game.
 B = Kills by you in this place as a percentage of kills by you in the entire game.
 C = Kills by friends in this place as a percentage of kills by friends in the entire game.
 D = Other kills in this place as a percentage of other kills in the entire game.
 E = Experience gained in this place as a percentage of experience gained in the entire game.
 F = Experience gained in this place divided by the number of levels of this place that you have seen.
                   A       B       C       D       E      F
               +-------+-------+-------+-------+-------+----------------------
         Total | 100.0 | 100.0 | 100.0 | 100.0 | 100.0 | 5708.7
       Dungeon |  66.1 |  68.1 |  48.8 |  76.7 |  44.7 | 3574.1
          Lair |  33.9 |  31.9 |  51.2 |  23.3 |  55.3 | 11045.2
               +-------+-------+-------+-------+-------+----------------------
